 Dungeon Crawl Stone Soup version 0.25-a0-44-g29a1220a87 (webtiles) character file.

Game seed: 7412544752756487857, levelgen mode: deterministic

115 Zeeb the Skirmisher (level 4, 0/55 HPs)
             Began as a Demonspawn Abyssal Knight on Oct 25, 2019.
             Was a Follower of Lugonu.
             Killed by divine providence
             ... invoked by an orc priest
              (17 damage)
             ... on level 3 of the Dungeon.
             The game lasted 00:19:34 (1575 turns).

Zeeb the Skirmisher (Demonspawn Abyssal Knight)     Turns: 1575, Time: 00:19:34

Health: 0/55       AC: 22    Str: 14    XL:     4   Next: 68%
Magic:  5/5        EV:  2    Int: 13    God:    Lugonu [*.....]
Gold:   88         SH:  0    Dex: 12    Spells: 3/3 levels left

rFire    + . .     SeeInvis .   a - +1 falchion
rCold    + . .     Gourm    .   (no shield)
rNeg     + + +     Faith    .   (armour currently unavailable)
rPois    +         Spirit   .   (helmet currently unavailable)
rElec    +         Reflect  .   (cloak currently unavailable)
rCorr    +         Harm     .   (gloves currently unavailable)
MR       .....     NoTele   +   (boots currently unavailable)
Stlth    +.........             (no amulet)
HPRegen  0.18/turn              (no ring)
MPRegen  0.09/turn              (no ring)

@: tree-form, resistant
A: low mp 1
a: Depart the Abyss, Renounce Religion


You were on level 3 of the Dungeon.
You worshipped Lugonu.
Lugonu was aware of your devotion.
You were not hungry.
You were a tree.
You visited 1 branch of the dungeon, and saw 4 of its levels.
You visited the Abyss 1 time.

You collected 88 gold pieces.

Inventory:

Hand Weapons
 a - a +1 falchion (weapon)
Missiles
 f - 6 curare-tipped darts (quivered)
Armour
 d - a scarf of resistance (melded)
 h - a +0 chain mail (melded)
Comestibles
 c - 2 rations


   Skills:
 * Level 3.9 Fighting
 * Level 3.4 Long Blades
 * Level 2.2 Armour
 - Level 1.2 Dodging
 + Level 2.5 Invocations


You had 3 spell levels left.
You didn't know any spells.
Your spell library was empty.

Dungeon Overview and Level Annotations

Branches:
Dungeon (4/15)
 Temple: D:4-7

Altars:
Dithmenos
Elyvilon
Nemelex Xobeh

Annotations:
D:2 2 transporters
D:3 Natasha


Innate Abilities, Weirdness & Mutations

((You have sharp fingernails.))
((You have a pair of small horns on your head.))
Your magical capacity is low. (-10% MP)


Message History

* * * LOW HITPOINT WARNING * * *
The orc wizard gestures wildly while chanting.
The orc wizard flickers and vanishes!
Deactivating autopickup; reactivate with Ctrl-A.
The orc priest hits you but does no damage.
The crimson imp shouts, "Fly, thou simpering crook-pated hedge-pig!"
You barely miss the orc priest.
The orc priest is lightly wounded.
The orc wizard hits you but does no damage.
The orc priest hits you but does no damage.
You slash the orc wizard!
You kill the orc wizard!
Lugonu accepts your kill.
You hear the slow rusting of a drain nearby.
The orc priest hits you but does no damage.
Natasha completely misses you.
You riposte.
You hit Natasha but do no damage.
You feel better.
The orc priest calls down the wrath of Beogh upon you.
Beogh smites you!
You die...

..#..###o##.#
.....##>##b#####.
#...##.##...{)..
#...##o#####)###
#h5.##..........
###o..?oo...<..###
#.K..o########.#
#h###.# #.# #♣#
#.# #.# #.o5...#
#.# #####..# #.#
#..# ... #).# ..#
#o.# ...#


You could see an orc priest, Natasha, a crimson imp, a shadow imp, an orc, a
jackal and a kobold.

Vanquished Creatures
  Terence (D:2)
  Jessica (D:2)
  An orc wizard (D:3)
  A gnoll (D:3)
  A dart slug (D:1)
  2 orcs (D:3)
  3 giant cockroaches (D:2)
  A goblin (D:3)
  3 hobgoblins
  A jackal (D:3)
  2 ball pythons
  3 bats
  2 frilled lizards
  3 kobolds (D:1)
  4 rats
29 creatures vanquished.

Vanquished Creatures (others)
  An orc wizard (D:3)
1 creature vanquished.

Grand Total: 30 creatures vanquished

Notes
Turn   | Place    | Note
-------+----------+-------------------------------------------
     0 | Abyss:1  | Zeeb the Demonspawn Abyssal Knight began the quest for the
                  | Orb.
     0 | Abyss:1  | Reached XP level 1. HP: 18/18 MP: 2/2
    35 | Abyss:1  | Noticed a neqoxec
    60 | Abyss:1  | Noticed a deep elf elementalist
    64 | Abyss:1  | Gained mutation: Your magical capacity is low. (-10% MP) [a
                  | neqoxec]
    71 | Abyss:1  | Noticed an earth elemental
    71 | Abyss:1  | Noticed an earth elemental
    71 | Abyss:1  | Noticed a ynoxinul
    72 | Abyss:1  | Noticed an earth elemental
    73 | Abyss:1  | Noticed an earth elemental
    75 | Abyss:1  | Noticed a ynoxinul
    78 | Abyss:1  | Noticed an earth elemental
    80 | Abyss:1  | Noticed an earth elemental
    81 | Abyss:1  | Noticed an earth elemental
    81 | Abyss:1  | Noticed an earth elemental
    89 | D:1      | Escaped the Abyss
   260 | D:1      | Reached * piety under Lugonu
   394 | D:1      | Gained mutation: You have sharp fingernails. [demonic
                  | ancestry]
   394 | D:1      | Reached XP level 2. HP: 24/24 MP: 3/3
   561 | D:1      | Reached skill level 1 in Dodging
   895 | D:2      | Noticed Terence
   898 | D:2      | Noticed Jessica
   911 | D:2      | Killed Terence
   911 | D:2      | Reached XP level 3. HP: 11/29 MP: 4/4
   914 | D:2      | HP: 1/29 [Jessica/nerve-wracking pain (11)]
   917 | D:2      | Killed Jessica
  1346 | D:2      | Gained mutation: You have a pair of small horns on your
                  | head. [demonic ancestry]
  1346 | D:2      | Reached XP level 4. HP: 37/37 MP: 5/5
  1390 | D:2      | Noticed an ogre
  1393 | D:2      | Noticed a hungry ghost
  1394 | D:2      | Found a transporter.
  1402 | D:2      | Found a transporter.
  1427 | D:2      | Found a sparkling altar of Nemelex Xobeh.
  1427 | D:2      | Found a shadowy altar of Dithmenos.
  1428 | D:2      | Found a white marble altar of Elyvilon.
  1469 | D:2      | You fall into a shaft and drop 2 floors!
  1557 | D:3      | Noticed Natasha
  1575 | D:3      | Killed from afar by an orc priest

Levels and vault maps discovered:
D:1:      minmay_arrival_stone_box, layout_basic, kennysheep_small_spiral,
          solitary_fountain
D:2:      layout_loops_cross, gammafunk_temple_overflow_arena, zin_angel,
          nicolae_dithmenos_shadow_blocks, uniq_jessica, uniq_terence,
          uniq_sigmund
D:3:      layout_loops_ring, gup_sewer_entry_bowl, gammafunk_ghost_cemetery,
          uniq_natasha, uniq_robin, uniq_grinder
D:4:      layout_gridville, first_ration, st_stairs_5, corexii_corridor_pit

Skill      XL: |  1  2  3  4 |
---------------+-------------+-----
Long Blades    | 2 3 |  3.4
Dodging        | 1 |  1.2
Armour         | 2 |  2.2
Fighting       | |  3.9
Invocations    | |  2.5

Action                   |  1- 3 |  4- 6 || total
-------------------------+-------+-------++-------
Melee: Falchion          |    51 |    45 ||    96
       Headbutt          |       |     4 ||     4
Invok: Depart the Abyss  |     1 |       ||     1
  Use: Scroll            |     4 |       ||     4
       Potion            |     1 |     4 ||     5
  Eat: Chunk             |     1 |     1 ||     2
Armor: Leather armour    |    13 |       ||    13
       Scale mail        |     2 |       ||     2
       Chain mail        |     1 |    43 ||    44
       Skin              |       |     9 ||     9
Dodge: Dodged            |    34 |    15 ||    49
       Rpst.: Falchion   |     7 |     6 ||    13

Table legend:
 A = Non-vault XP
 B = Vault XP
 C = Vault XP percentage of total XP
 D = Non-vault monster count
 E = Vault monster count
 F = Vault count percentage of total count
                 A         B        C        D         E       F
            +---------+---------+-------+---------+---------+-------
      Total |      90 |      75 |  45.5 |      27 |       2 |   6.9
            +---------+---------+-------+---------+---------+-------
        D:1 |      15 |       0 |   0.0 |      11 |       0 |   0.0
        D:2 |       8 |      75 |  90.4 |       5 |       2 |  28.6
        D:3 |      66 |       0 |   0.0 |      10 |       0 |   0.0
        D:4 |       1 |       0 |   0.0 |       1 |       0 |   0.0
            +---------+---------+-------+---------+---------+-------
